 Dungeon Crawl Stone Soup version 0.32-a0-841-g4648e6c457 (webtiles) character file.

Game seed: 780530833967015929

5431 Griffin23 the Carver (level 10, -2/91 HPs)
             Began as a Minotaur Fighter on Mar 26, 2024.
             Was an Initiate of Gozag.
             Engulfed by a cloud of poison gas (6 damage)
             ... on level 8 of the Dungeon.
             The game lasted 00:16:36 (6891 turns).

Griffin23 the Carver (Minotaur Fighter)             Turns: 6891, Time: 00:16:37

Health: -2/91      AC: 19    Str: 28    XL:     10   Next: 40%
Magic:  9/9        EV:  6    Int:  5    God:    Gozag
Gold:   747        SH:  5    Dex: 10    Spells: 9/9 levels left

rFire   . . .        E - +3 scimitar (freeze)
rCold   + . .        c - +0 buckler
rNeg    . . .        z - +0 plate armour
rPois   .            (helmet restricted)
rElec   .            (no cloak)
rCorr   .            G - +2 pair of gloves {Str+3}
SInv    .            F - +0 pair of boots
Will    .....        r - amulet of regeneration Stlth
                     y - ring of protection from cold
HPRegen 1.15/turn    (no ring)
MPRegen 0.11/turn

%: no passive effects
@: lethally poisoned (-2 -> -5)
A: horns 2, retaliatory headbutt
a: Renounce Religion, Potion Petition, Call Merchant, Bribe Branch


You were on level 8 of the Dungeon.
You worshipped Gozag.
Gozag was pleased with you.
You visited 1 branch of the dungeon, and saw 8 of its levels.

You collected 981 gold pieces.
You spent 157 gold pieces at shops.
You paid 77 gold pieces to Gozag.

Inventory:

Hand Weapons
 a - a +0 long sword
 E - a +3 scimitar of freezing (weapon)
Armour
 b - a +0 scale mail
 c - a +0 buckler (worn)
 z - a +0 plate armour (worn)
 F - a +0 pair of boots (worn)
 G - a +2 pair of gloves of strength (worn)
Jewellery
 r - an amulet of regeneration (around neck)
 y - a ring of protection from cold (left hand)
Wands
 K - a wand of digging (2)
Scrolls
 f - 2 scrolls of fear
 g - 4 scrolls of noise
 l - 3 scrolls of vulnerability
 o - 2 scrolls of revelation {unknown}
 p - a scroll of poison
 q - a scroll of enchant armour {unknown}
 u - a scroll of blinking
 x - 2 scrolls of amnesia {unknown}
 C - a scroll of fog {unknown}
 H - a scroll of immolation {unknown}
 J - a scroll of brand weapon {unknown}
Potions
 d - 2 potions of berserk rage
 e - 2 potions of curing
 j - a potion of mutation {unknown}
 k - a potion of haste
 m - a potion of attraction {unknown}
 s - a potion of magic {unknown}
 t - a potion of brilliance {unknown}
 v - 2 potions of lignification {unknown}
 w - a potion of heal wounds {unknown}
 A - 3 potions of degeneration
 B - a potion of ambrosia {unknown}


   Skills:
 + Level 9.1 Fighting
 * Level 11.8 Long Blades
 + Level 9.2 Armour
 + Level 9.2 Shields


You had 9 spell levels left.
You didn't know any spells.
Your spell library contained the following spells:

 Spells                   Type           Power      Damage    Failure   Level
 Freeze                   Ice            0%         1d3       99%         1
 Sandblast                Erth           0%         2d4       99%         1
 Scorch                   Fire           0%         2d5       100%        2
 Frozen Ramparts          Ice            0%         1d1       100%        3
 Fugue of the Fallen      Necr           0%         N/A       100%        3
 Hailstorm                Conj/Ice       0%         3d5       100%        3
 Ozocubu's Armour         Ice            0%         N/A       100%        3
 Stone Arrow              Conj/Erth      0%         3d7       100%        3
 Summon Ice Beast         Ice/Summ       0%         N/A       100%        3
 Brom's Barrelling Bould  Conj/Erth      0%         2d3       100%        4
 Flame Wave               Conj/Fire      0%         2d4       100%        4
 Manifold Assault         Tloc           0%         N/A       100%        4
 Permafrost Eruption      Ice/Erth       0%         2x4d2     100%        6
 Sculpt Simulacrum        Ice/Alch       0%         N/A       100%        6
 Summon Cactus Giant      Summ           0%         N/A       100%        6
 Haunt                    Necr/Summ      0%         N/A       100%        7
 Infestation              Necr           0%         N/A       100%        8
 Animate Dead             Necr           Unusable   N/A       N/A         4

Dungeon Overview and Level Annotations

Branches:
Dungeon (8/15)             Temple (0/1) D:6
   Lair: D:8-11

Altars:
Ashenzari
Dithmenos
Gozag
Hepliaklqana
Makhleb
Okawaru
Qazlal
Sif Muna
Trog
Uskayaw

Shops:
D:1 [   D:2 :


Innate Abilities, Weirdness & Mutations

You have a pair of horns on your head.
You reflexively headbutt those who attack you in melee.


Message History

The 13-headed hydra bites your hornet!
Your hornet dies!
Your hornet's corpse dissolves into shadows!
The 13-headed hydra bites your sky beast.
The 13-headed hydra bites your sky beast!
Your sky beast dies!
Your sky beast's corpse dissolves into shadows!
Okay, then.
The air fills with toxic fumes!
As you read the scroll labelled XUT GIPSAUCRI, it crumbles to dust.
It was a scroll of poison.
You slice one of the 13-headed hydra's heads off!
The 12-headed hydra grows two more!
You slash the 14-headed hydra! You freeze the 14-headed hydra.
The 14-headed hydra is heavily wounded.
Unknown command.
The 14-headed hydra bites you! You block the 14-headed hydra's attack.
The 14-headed hydra bites you!
The 14-headed hydra bites you but does no damage.
The 14-headed hydra completely misses you.
The 14-headed hydra bites you but does no damage.
The 14-headed hydra bites you! x2
* * * LOW HITPOINT WARNING * * *
The 14-headed hydra bites you but does no damage. x2
The 14-headed hydra bites you.
* * * LOW HITPOINT WARNING * * *
The 14-headed hydra bites you!
* * * LOW HITPOINT WARNING * * *
The 14-headed hydra bites you but does no damage.
The 14-headed hydra bites you!
* * * LOW HITPOINT WARNING * * *
The two-headed ogre is engulfed in poison gas.
The two-headed ogre is poisoned.
Blink to where?
Press: ? - help, Dir - move target, p - 14-headed hydra
As you read the scroll labelled ADY PES ARRI, it crumbles to dust.
It was a scroll of blinking.
You are engulfed in poison gas.
You are poisoned.
You die...
Your body crumbles into a pile of gold.

.# .## ..#
#####..###
##........##
#..........#
#..........#
#...@§§§§§§§##
#...§§§§§§§§§#
#...§§§§§§§§§##
#...§§§§§§§§§§#
#...§§§§§§§§§#
#...§§§§§§§§§#
#...§§§§§§§§§####
#...§§§§§§§§§§§§####
#...§§§§§§§#D§§§§§§.


There were no monsters in sight!

Vanquished Creatures
  A centaur warrior (D:8)
  2 deep elf pyromancers
  A gargoyle (D:6)
  2 yaks (D:8)
  A wyvern (D:8)
  5 black bears
  An orc warrior (D:6)
  A water moccasin (D:5)
  2 sky beasts
  2 ice beasts
  An ogre (D:6)
  3 centaurs
  A kobold brigand (D:7)
  4 bullfrogs
  7 scorpions
  A wight (D:6)
  6 killer bees (D:8)
  4 howler monkeys (D:8)
  3 bombardier beetles
  6 hounds
  3 orc priests
  A gnoll bouda (D:7)
  A jelly (D:6)
  5 iguanas
  3 sleepcaps
  2 orc wizards (D:6)
  5 gnolls
  11 adders
  A shadow imp (D:5)
  A white imp (D:7)
  3 dart slugs
  3 ribbon worms
  15 orcs
  8 bats
  9 endoplasms
  8 giant cockroaches
  4 goblins
  6 hobgoblins
  5 jackals
  11 kobolds
  7 ball pythons
  6 frilled lizards
  6 rats
178 creatures vanquished.

Vanquished Creatures (others)
  An arcanist (D:5)
  A howler monkey (D:8)
2 creatures vanquished.

Grand Total: 180 creatures vanquished

Notes
Turn   | Place    | Note
-------+----------+-------------------------------------------
     0 | D:1      | Griffin23 the Minotaur Fighter began the quest for the Orb.
     0 | D:1      | Reached XP level 1. HP: 19/19 MP: 0/0
   106 | D:1      | Found Nabuc's Antique Armour Boutique.
   141 | D:1      | Reached XP level 2. HP: 27/27 MP: 1/1
   480 | D:1      | Reached skill level 3 in Long Blades
   482 | D:1      | Reached XP level 3. HP: 22/33 MP: 2/2
   870 | D:2      | Found a faded altar of an unknown god.
   891 | D:2      | Upgraded the game from 0.32-a0-834-geaf45d8e21 to
                  | 0.32-a0-841-g4648e6c457
   910 | D:2      | Found Onoc's Book Emporium.
  1325 | D:2      | Found a shimmering blue altar of Sif Muna.
  1656 | D:3      | Reached XP level 4. HP: 40/40 MP: 3/3
  2127 | D:4      | Reached skill level 4 in Long Blades
  2127 | D:4      | Reached XP level 5. HP: 47/47 MP: 4/4
  2212 | D:4      | Noticed an ice beast
  2220 | D:4      | Killed an ice beast
  2221 | D:4      | Reached skill level 5 in Armour
  2221 | D:4      | Reached skill level 5 in Shields
  2389 | D:4      | Noticed a black bear
  2410 | D:4      | Killed a black bear
  2411 | D:4      | Reached skill level 5 in Fighting
  2411 | D:4      | Reached skill level 5 in Long Blades
  2411 | D:4      | Reached XP level 6. HP: 48/56 MP: 5/5
  2497 | D:4      | Found an opulent altar of Gozag.
  2563 | D:4      | Found a stormy altar of Qazlal.
  2563 | D:4      | Found a shadowy altar of Dithmenos.
  2568 | D:4      | Found a broken altar of Ashenzari.
  2639 | D:4      | Became a worshipper of Gozag Ym Sagoz the Greedy
  2993 | D:4      | You fall into a shaft and drop 3 floors!
  3094 | D:6      | Reached XP level 7. HP: 42/61 MP: 6/6
  3270 | D:6      | Reached skill level 6 in Long Blades
  3339 | D:6      | Found an iron altar of Okawaru.
  3378 | D:6      | Noticed a gargoyle
  3386 | D:5      | Entered Level 5 of the Dungeon
  3554 | D:5      | Found the +4 robe of Augmentation {Str+4 Int+4 Dex+4}
  3593 | D:5      | Reached skill level 7 in Long Blades
  3605 | D:5      | Reached XP level 8. HP: 70/70 MP: 7/7
  3831 | D:5      | Found a hide-covered altar of Uskayaw.
  3885 | D:5      | Found a burning altar of Makhleb.
  4098 | D:5      | Found a bloodstained altar of Trog.
  4101 | D:5      | Noticed a wizard
  4106 | D:5      | Killed a wizard
  4544 | D:6      | Killed a gargoyle
  4545 | D:6      | Reached skill level 8 in Long Blades
  4740 | D:6      | Reached skill level 9 in Long Blades
  4835 | D:6      | Found a staircase to the Ecumenical Temple.
  4845 | D:6      | Reached XP level 9. HP: 79/79 MP: 8/8
  5474 | D:1      | Bought a pair of glowing gloves for 157 gold pieces
  5866 | D:7      | Found a hazy altar of Hepliaklqana.
  5916 | D:7      | Reached skill level 10 in Long Blades
  6185 | D:7      | Noticed a deep elf pyromancer
  6192 | D:7      | Killed a deep elf pyromancer
  6734 | D:8      | Reached skill level 11 in Long Blades
  6734 | D:8      | Reached XP level 10. HP: 87/90 MP: 9/9
  6737 | D:8      | Noticed a centaur warrior
  6745 | D:8      | Noticed a five-headed hydra
  6745 | D:8      | Noticed a deep elf pyromancer
  6755 | D:8      | Killed a centaur warrior
  6864 | D:8      | Killed a deep elf pyromancer
  6872 | D:8      | Noticed a two-headed ogre
  6890 | D:8      | HP: 4/91 [14-headed hydra (11)]
  6891 | D:8      | Engulfed by a cloud of poison gas

Illustrated notes

Levels and vault maps discovered:
D:1:      zelgadis_glass_arrival_small, layout_basic, serial_shops,
          nicolae_shop_stone, minmay_split_cup_large
D:2:      layout_loops_cross, serial_shops, nicolae_shop_waterfront,
          basic_altar, ebering_ecumenical_altar_webs, roderic_serpentine_path,
          due_unseen_surprise
D:3:      layout_basic
D:4:      layout_gridville, minitemple, serial_rivers,
          chequers_serial_rivers_large_a, chequers_serial_rivers_micro_a,
          chequers_serial_rivers_room_b, chequers_serial_rivers_micro_a,
          chequers_serial_rivers_marsh, kennysheep_small_spiral
D:5:      layout_basic, bloody_makhleb, trog_wizard,
          mainiacjoe_overflow_alcove_1, feat_on_display
D:6:      hangedman_cross_stitches, layout_basic,
          nicolae_overflow_crystal_walls, minmay_temple_entry_grid
D:7:      layout_basic, mainiacjoe_overflow_cross_hatched, dk_noncrumbling_3,
          patterned_corridor
D:8:      nzn_winding_woodlands_small [nzn_winding_woodlands_5x15_pockets,
          nzn_winding_woodlands_center_garden,
          nzn_winding_woodlands_5x15_longhouse], layout_cave_pods,
          kennysheep_minor_cross, uniq_pikel

Skill      XL: |  1  2  3  4  5  6  7  8  9 10 |
---------------+-------------------------------+-----
Fighting       | 4 5 6 7 8 9 |  9.1
Long Blades    | 3 4 5 7 9 11 | 11.8
Armour         | 4 5 6 7 8 9 |  9.2
Shields        | 4 5 6 7 8 9 |  9.2

Action                     |  1- 3 |  4- 6 |  7- 9 | 10-12 || total
---------------------------+-------+-------+-------+-------++-------
  Melee: Long sword        |   105 |   107 |   145 |       ||   357
         Headbutt          |    17 |    24 |    52 |    19 ||   112
         Scimitar          |       |       |   122 |    79 ||   201
  Throw: Throwing net      |       |       |       |     1 ||     1
  Evoke: Wand              |       |       |       |     8 ||     8
    Use: Potion            |       |       |     1 |     1 ||     2
         Scroll            |       |       |     7 |     6 ||    13
   Stab: Distracted        |       |       |     1 |       ||     1
 Armour: Scale mail        |   128 |    74 |       |       ||   202
         Plate armour      |       |       |   245 |   100 ||   345
  Dodge: Dodged            |    40 |    42 |    85 |    30 ||   197
  Block: Buckler           |    21 |    13 |    64 |    22 ||   120

Table legend: (Time is in decaauts)
 A = Elapsed time spent in this place.
 B = Non-inter-level travel time spent in this place.
 C = Inter-level travel time spent in this place.
 D = Time resting spent in this place.
 E = Time spent auto-exploring this place.
 F = Levels seen in this place.
 G = Mean time per level.
                   A        B        C        D        E       F      G
               +--------+--------+--------+--------+--------+-----+--------+
         Total |   6940 |   6325 |    615 |    519 |   4351 |   8 |  867.5 |
       Dungeon |   6940 |   6325 |    615 |    519 |   4351 |   8 |  867.5 |
               +--------+--------+--------+--------+--------+-----+--------+

Top non-repeatable levels by time:
     D:5: 1256 daAuts
     D:6: 1110 daAuts
     D:7: 1110 daAuts
     D:4: 1026 daAuts
     D:2: 894 daAuts
     D:1: 792 daAuts
     D:3: 556 daAuts
     D:8: 193 daAuts
